 Dungeon Crawl Stone Soup version 0.24-a0-203-gf0bc1e9 (webtiles) character file.

Game seed: 2655279331994690778

611 Inarius the Chopper (level 7, 0/53 HPs)
             Began as a Demonspawn Abyssal Knight on Mar 27, 2019.
             Was a Priest of Lugonu.
             Succumbed to a water moccasin's poison
             ... on level 7 of the Dungeon.
             The game lasted 00:12:20 (6372 turns).

Inarius the Chopper (Demonspawn Abyssal Knight)     Turns: 6372, Time: 00:12:21

Health: 0/53       AC:  2    Str: 15    XL:     7   Next: 20%
Magic:  8/9        EV: 15    Int: 13    God:    Lugonu [***...]
Gold:   273        SH:  4    Dex: 17    Spells: 6/6 levels left

rFire    . . .     SeeInvis +   p - +2 war axe
rCold    . . .     Gourm    .   r - +0 buckler (curse)
rNeg     . . .     Faith    .   y - -2 leather armour (curse)
rPois    .         Spirit   .   (helmet restricted)
rElec    .         Reflect  .   (no cloak)
rCorr    .         Harm     .   (no gloves)
MR       +....                  e - +0 pair of boots
Stlth    ++........             (no amulet)
HPRegen  0.17/turn              w - ring of protection from magic
MPRegen  0.11/turn              m - ring of see invisible

@: agile, lethally poisoned (0 -> -5), hasted, drained, very quick
A: horns 2
a: Depart the Abyss, Bend Space, Banish, Renounce Religion


You were on level 7 of the Dungeon.
You worshipped Lugonu.
Lugonu was most pleased with you.
You were hungry.

You visited 1 branch of the dungeon, and saw 6 of its levels.
You visited the Abyss 1 time.

You collected 273 gold pieces.

Inventory:

Hand Weapons
 p - a +2 war axe (weapon)
Missiles
 a - a throwing net
 n - 3 javelins (quivered)
Armour
 e - a +0 pair of boots (worn)
 f - a +0 scale mail
 r - a cursed +0 buckler (worn)
 y - a cursed -2 leather armour (worn)
Jewellery
 k - an uncursed ring of positive energy
 m - a ring of see invisible (right hand)
 w - a ring of protection from magic (left hand)
Scrolls
 d - 3 scrolls of teleportation
 g - 3 scrolls of fear
 h - 2 scrolls of remove curse
 o - a scroll of fog
Potions
 b - 4 potions of flight
 i - a potion of degeneration {unknown}
 j - a potion of agility
 A - a potion of brilliance {unknown}
Comestibles
 c - 7 rations
 l - a chunk of flesh


   Skills:
 + Level 3.9(3.1) Fighting
 * Level 5.4(4.5) Axes
 + Level 0.1(0.0) Throwing
 * Level 4.0(3.1) Armour
 - Level 1.0(0.2) Dodging
 * Level 3.6(2.8) Invocations


You had 6 spell levels left.
You didn't know any spells.
Your spell library contained the following spells:

 Spells                   Type           Power        Failure   Level  Hunger
 Infusion                 Chrm           #...         54%         1    ##.....
 Shroud of Golubria       Chrm/Tloc      #.........   67%         2    ###....
 Song of Slaying          Chrm           #.......     67%         2    ###....
 Regeneration             Chrm/Necr      #.........   88%         3    ####...
 Spectral Weapon          Hex/Chrm       #.......     88%         3    ####...


Dungeon Overview and Level Annotations

Branches:
Dungeon (5/15)             Temple (0/1) D:4

Altars:
Hepliaklqana
Wu Jian


Innate Abilities, Weirdness & Mutations

You have a pair of horns on your head.


Message History

You feel sick. The water moccasin bites you.
* * * LOW HITPOINT WARNING * * *
The water moccasin closely misses you.
Unknown command.
It was a potion of haste.
You feel yourself speed up. The water moccasin bites you!
* * * LOW HITPOINT WARNING * * *
Unknown command.
You hit the water moccasin.
The water moccasin is almost dead.
* * * LOW HITPOINT WARNING * * *
You feel sick.
The water moccasin bites you but does no damage.
Unknown command.
It was a potion of agility.
You feel agile all of a sudden. The water moccasin barely misses you.
You closely miss the water moccasin.
The water moccasin is almost dead.
You die...

#...........#.##..........
...........................
#..........#.#≈≈≈≈≈........
#............#≈###≈........
..............≈# #≈##......
#............#≈# #≈ ......
##..........##≈≈.≈≈ ......
#.........S.###... #.....
#.........@#.# ##..# .....
............# ##
..#...........
.........##..... ##........
..... #........ ....
#........ ... ..........
...


You could see a water moccasin.

Vanquished Creatures
  A sky beast (D:3)
  A big kobold (D:7)
  A crimson imp (D:5)
  A bullfrog zombie (D:5)
  3 orc priests
  2 worker ants
  Robin (D:1)
  11 adders
  2 worms
  2 dart slugs
  5 leopard geckos
  15 orcs
  A giant cockroach (D:2)
  20 goblins
  16 hobgoblins
  A jackal (D:7)
  3 quokkas
  5 bats
  7 frilled lizards
  12 kobolds
  10 rats
120 creatures vanquished.

Notes
Turn   | Place    | Note
-------+----------+-------------------------------------------
     0 | Abyss:1  | Inarius the Demonspawn Abyssal Knight began the quest for
                  | the Orb.
     0 | Abyss:1  | Reached XP level 1. HP: 18/18 MP: 2/2
     2 | Abyss:1  | Found a corrupted altar of Lugonu.
    23 | D:1      | Escaped the Abyss
    45 | D:1      | Reached skill level 2 in Axes
   251 | D:1      | Gained mutation: You have a pair of small horns on your
                  | head. [demonic ancestry]
   251 | D:1      | Reached XP level 2. HP: 21/24 MP: 3/3
   685 | D:1      | Reached ** piety under Lugonu
   744 | D:1      | Reached XP level 3. HP: 29/29 MP: 4/4
  1092 | D:2      | Reached skill level 1 in Dodging
  1130 | D:2      | Noticed Robin
  1157 | D:1      | Killed Robin
  1270 | D:2      | Found a hazy altar of Hepliaklqana.
  1345 | D:2      | Reached skill level 3 in Axes
  1345 | D:2      | Reached XP level 4. HP: 35/37 MP: 5/5
  1466 | D:2      | Found an ornate altar of the Wu Jian Council.
  2256 | D:3      | Reached *** piety under Lugonu
  2428 | D:3      | Reached XP level 5. HP: 32/42 MP: 5/7
  2699 | D:3      | Noticed a sky beast
  2723 | D:3      | Killed a sky beast
  2723 | D:3      | Reached skill level 4 in Axes
  2751 | D:3      | Reached XP level 6. HP: 14/48 MP: 8/8
  4848 | D:4      | Found a staircase to the Ecumenical Temple.
  5552 | D:5      | Entered Level 5 of the Dungeon
  5564 | D:5      | Reached skill level 5 in Axes
  5765 | D:5      | Gained mutation: You have a pair of horns on your head.
                  | [demonic ancestry]
  5765 | D:5      | Reached XP level 7. HP: 40/53 MP: 9/9
  5867 | D:5      | You fall through a shaft for 2 floors!
  5918 | D:7      | HP: 2/53 [poisoned by a kobold]
  6369 | D:7      | HP: 2/53 [water moccasin (8)]
  6372 | D:7      | Succumbed to a water moccasin's poison

Levels and vault maps discovered:
D:1:      minmay_arrival_shattered_statue, layout_loops_ring
D:2:      kennysheep_the_goblin_king, layout_loops_corners,
          nicolae_overflow_crystal_walls, lemuel_round_altar, uniq_robin
D:3:      layout_loops_corners, minmay_fractal_squares_diagonal_5
D:4:      cheibrodos_helix_gallery, layout_layer_cave,
          minmay_temple_entry_nine_rooms
D:5:      layout_gridville, okawaru_trees_2, grunt_qazlal_clouds, first_ration
D:7:      layout_cave_pools, kennysheep_mini_moat,
          nicolae_ru_great_annihilating_truth
Abyss:1

Skill      XL: |  1  2  3  4  5  6  7 |
---------------+----------------------+-----
Axes           | 2 3 4 5 |  5.4
Armour         | 2 3 4 |  4.0
Dodging        | 1 |  1.0
Invocations    | 3 |  3.6
Fighting       | |  3.9
Throwing       | |  0.1

Action                   |  1- 3 |  4- 6 |  7- 9 || total
-------------------------+-------+-------+-------++-------
Melee: Hand axe          |   116 |    64 |       ||   180
       Headbutt          |     6 |    30 |     4 ||    40
       War axe           |       |   162 |    17 ||   179
Throw: Javelin           |     2 |    13 |     6 ||    21
Invok: Bend Space        |       |       |     4 ||     4
  Use: Scroll            |       |    11 |       ||    11
       Potion            |       |       |     4 ||     4
  Eat: Chunk             |     2 |    14 |     1 ||    17
Armor: Leather armour    |     7 |     1 |     1 ||     9
       Scale mail        |    49 |   106 |       ||   155
Dodge: Dodged            |    61 |   114 |    19 ||   194

Table legend:
 A = Non-vault XP
 B = Vault XP
 C = Vault XP percentage of total XP
 D = Non-vault monster count
 E = Vault monster count
 F = Vault count percentage of total count
                 A         B        C        D         E       F
            +---------+---------+-------+---------+---------+-------
      Total |     667 |     207 |  23.7 |      94 |      26 |  21.7
            +---------+---------+-------+---------+---------+-------
        D:1 |      42 |      15 |  26.3 |      25 |       1 |   3.8
        D:2 |      64 |      34 |  34.7 |      16 |      18 |  52.9
        D:3 |     205 |     144 |  41.3 |      26 |       6 |  18.8
        D:4 |      89 |      14 |  13.6 |      15 |       1 |   6.2
        D:5 |     129 |       0 |   0.0 |       3 |       0 |   0.0
        D:7 |     138 |       0 |   0.0 |       9 |       0 |   0.0
            +---------+---------+-------+---------+---------+-------
